 Dungeon Crawl Stone Soup version 0.25-a0-292-gaa31f046c4 (webtiles) character file.

Game seed: 15248696425834231756, levelgen mode: deterministic

119 MoonlitKnight the Sneak (level 4, 0/21 HPs)
             Began as a Spriggan Enchanter on Dec 15, 2019.
             Succumbed to an adder's poison
             ... on level 3 of the Dungeon.
             The game lasted 00:07:23 (2641 turns).

MoonlitKnight the Sneak (Spriggan Enchanter)        Turns: 2641, Time: 00:07:23

Health: 0/21       AC:  2    Str:  4    XL:     4   Next: 74%
Magic:  3/10       EV: 19    Int: 16    God:
Gold:   147        SH:  5    Dex: 17    Spells: 1/10 levels left

rFire    . . .     SeeInvis +   a - +2 dagger (vamp)
rCold    . . .     Gourm    .   m - +0 buckler
rNeg     . . .     Faith    .   b - +0 robe
rPois    .         Spirit   .   (helmet restricted)
rElec    .         Reflect  .   (no cloak)
rCorr    .         Harm     .   (gloves unavailable)
MR       .....                  (boots unavailable)
Stlth    +++.......             (no amulet)
HPRegen  0.07/turn              (no ring)
MPRegen  0.12/turn              (no ring)

@: lethally poisoned (0 -> -11), very quick
A: very small, unfitting armour, see invisible, herbivore, speed 3, slow
metabolism 2
a: no special abilities


You were on level 3 of the Dungeon.
You were not hungry.

You visited 1 branch of the dungeon, and saw 4 of its levels.

You collected 147 gold pieces.

Inventory:

Hand Weapons
 a - a +2 vampiric dagger (weapon)
 l - a +0 dagger of speed
Armour
 b - a +0 robe (worn)
 m - a +0 buckler (worn)
Scrolls
 c - 3 scrolls of identify {unknown}
 f - a scroll of blinking {unknown}
 j - a scroll of noise {unknown}
Potions
 e - a potion of berserk rage {unknown}
 g - a potion of flight {unknown}
 h - a potion of ambrosia {unknown}
 i - a potion of agility {unknown}
 k - a potion of might {unknown}
Comestibles
 d - 2 rations


   Skills:
 - Level 1.1 Short Blades
 - Level 4.5 Dodging
 + Level 5.8 Stealth
 + Level 0.1 Shields
 + Level 3.5 Spellcasting
 + Level 4.6 Hexes


You had one spell level left.
You knew the following spells:

 Your Spells              Type           Power        Failure   Level  Hunger
a - Corona                Hex            ###....      4%          1    None
b - Ensorcelled Hibernat  Hex/Ice        ##....       17%         2    ##.....
c - Confuse               Hex            ###.....     13%         3    ###....
d - Tukima's Dance        Hex            ###.....     13%         3    ###....

Your spell library contained the following spells:

 Spells                   Type           Power        Failure   Level  Hunger
 Dazzling Flash           Conj/Hex       ##....       34%         3    ###....


Dungeon Overview and Level Annotations

Branches:
Dungeon (4/15)
 Temple: D:4-7

Altars:
Elyvilon
The Shining One

Annotations:
D:3 1 runed translucent door, D1HalberdGnoll's ghost, amateur TeAE


Innate Abilities, Weirdness & Mutations

You are very small and have problems with some larger weapons.
You are too small for most types of armour.
You have supernaturally acute eyesight. (SInv)
You are a herbivore.
You cover ground extremely quickly.
You need to consume almost no food.


Message History

Unknown command.
You closely miss the adder.
The adder is almost dead.
* * * LOW HITPOINT WARNING * * *
You feel sick.
The jackal bites you but does no damage.
The adder barely misses you. The jackal closely misses you.
Unknown command.
You hit the adder but do no damage.
The adder is almost dead.
* * * LOW HITPOINT WARNING * * *
You feel sick. The adder misses you. The jackal completely misses you.
You barely miss the adder.
The adder is almost dead.
* * * LOW HITPOINT WARNING * * *
You feel sick. You block the adder's attack. You block the jackal's attack.
The adder closely misses you.
You barely miss the adder.
The adder is almost dead.
You die...

##################
#@hhh.....h.....>h
#S###...........##
#.# #...........#
#.# #.............
#.#...............
#.#...............
..#...............
.......####.......
...... ........


You could see an adder and 3 jackals.

Vanquished Creatures
  An orc wizard (D:3)
  A worker ant (D:4)
  An adder (D:4)
  A worm (D:2)
  A dart slug (D:1)
  2 leopard geckos (D:2)
  2 orcs
  2 ball pythons
  A giant cockroach (D:2)
  6 goblins (D:1)
  3 hobgoblins
  5 jackals
  2 bats (D:1)
  6 frilled lizards
  A goblin skeleton (D:4)
  A goblin zombie (D:4)
  A hobgoblin zombie (D:4)
  6 kobolds
  A kobold zombie (D:4)
  4 rats
48 creatures vanquished.

Notes
Turn   | Place    | Note
-------+----------+-------------------------------------------
     0 | D:1      | MoonlitKnight the Spriggan Enchanter began the quest for
                  | the Orb.
     0 | D:1      | Reached XP level 1. HP: 9/9 MP: 5/5
   653 | D:1      | Reached XP level 2. HP: 13/13 MP: 6/6
   831 | D:1      | Learned a level 2 spell: Ensorcelled Hibernation
   855 | D:1      | Reached skill level 5 in Stealth
  1015 | D:1      | Reached XP level 3. HP: 16/16 MP: 5/8
  1397 | D:2      | Found a white marble altar of Elyvilon.
  2023 | D:3      | Found a runed translucent door.
  2028 | D:3      | Noticed D1HalberdGnoll's ghost (amateur TeAE)
  2035 | D:3      | Reached XP level 4. HP: 21/21 MP: 6/9
  2546 | D:4      | Learned a level 3 spell: Confuse
  2550 | D:4      | Learned a level 3 spell: Tukima's Dance
  2590 | D:4      | Found a glowing golden altar of the Shining One.
  2640 | D:3      | HP: 1/21 [poisoned by an adder]
  2641 | D:3      | Succumbed to an adder's poison

Levels and vault maps discovered:
D:1:      lemuel_arrival_hallway, layout_rooms, serial_bayou,
          serial_bayou_pond_d, serial_bayou_ford_a, serial_bayou_shore_a,
          serial_bayou_pond_c
D:2:      layout_rooms, elyvilon_altar_3
D:3:      layout_basic, first_ration, ebering_ghost_sewer_f
D:4:      layout_loops_corners, nicolae_tso_besieged_by_evil,
          grunt_temple_overflow_open, serial_shops, shop,
          grunt_ashenzari_visionary [grunt_ashenzari_visionary_shoals,
          grunt_ashenzari_visionary_snake]

Skill      XL: |  1  2  3 |
---------------+----------+-----
Hexes          | 4 |  4.6
Stealth        | 5 |  5.8
Dodging        | 4 |  4.5
Spellcasting   | 3 |  3.5
Short Blades   | |  1.1
Shields        | |  0.1

Action                   |  1- 3 |  4- 6 || total
-------------------------+-------+-------++-------
Melee: Dagger            |   139 |    61 ||   200
 Cast: Corona            |     4 |       ||     4
       Ensorcelled Hiber |    14 |    13 ||    27
       Confuse           |       |     2 ||     2
 Stab: Sleeping          |    10 |     5 ||    15
       Distracted        |     1 |       ||     1
       Confused          |       |     1 ||     1
  Eat: Ration            |       |     1 ||     1
Armor: Robe              |    12 |     5 ||    17
Dodge: Dodged            |   116 |    59 ||   175
Block: Buckler           |       |    16 ||    16

Table legend:
 A = Non-vault XP
 B = Vault XP
 C = Vault XP percentage of total XP
 D = Non-vault monster count
 E = Vault monster count
 F = Vault count percentage of total count
                 A         B        C        D         E       F
            +---------+---------+-------+---------+---------+-------
      Total |     167 |       4 |   2.3 |      44 |       4 |   8.3
            +---------+---------+-------+---------+---------+-------
        D:1 |      43 |       0 |   0.0 |      25 |       0 |   0.0
        D:2 |      21 |       0 |   0.0 |       9 |       0 |   0.0
        D:3 |      56 |       0 |   0.0 |       8 |       0 |   0.0
        D:4 |      47 |       4 |   7.8 |       2 |       4 |  66.7
            +---------+---------+-------+---------+---------+-------
